[Event "ICC tourney 2359 (30 5)"]
[Site "Internet Chess Club"]
[Date "2021.01.31"]
[Round "4"]
[White "ChocolateSwirl"]
[Black "m2021chessusa"]
[Result "1-0"]
[ICCResult "Black checkmated"]
[WhiteElo "1162"]
[BlackElo "722"]
[Opening "French: Marshall variation"]
[ECO "C10"]
[NIC "FR.04"]
[Time "16:00:26"]
[PlyCount "53"]
[TimeControl "1800+5"]

1. e4 e6 2. d4 d5 3. Nc3 c5 4. Nf3 Nc6 5. Bb5 Qb6 6. Bxc6+ Qxc6 7. dxc5
Qxc5 8. exd5 exd5 9. Qxd5 Qxd5 10. Nxd5 Bd6 11. O-O Ne7 12. Re1 Be6 13.
Nxe7 Bxe7 14. Nd4 Bd7 15. Bf4 f6 16. Bd6 Kf7 17. Rxe7+ Kg6 18. Rxd7 Rae8
19. h3 Re4 20. Nf3 Re6 21. Nd4 Ree8 22. Nf3 Rc8 23. Nh4+ Kg5 24. g3 Rhd8
25. Rxg7+ Kh6 26. Nf5+ Kh5 27. g4# { Black checkmated } 1-0

[Event "ICC tourney 2359 (30 5)"]
[Site "Internet Chess Club"]
[Date "2021.01.31"]
[Round "4"]
[White "ModaGoat30"]
[Black "kashkanna"]
[Result "1-0"]
[ICCResult "Black resigns"]
[WhiteElo "700"]
[BlackElo "800"]
[Opening "Giuoco Piano"]
[ECO "C50"]
[NIC "IG.02"]
[Time "16:00:29"]
[PlyCount "69"]
[TimeControl "1800+5"]

1. e4 e5 2. Nf3 Nc6 3. Bc4 Bc5 4. O-O d6 5. d3 h6 6. Nc3 Nf6 7. Be3 Bxe3 8.
fxe3 O-O 9. Nd5 Bg4 10. Nxf6+ Qxf6 11. h3 Be6 12. Bxe6 Qxe6 13. Qe2 f5 14.
exf5 Rxf5 15. e4 Rf7 16. Rae1 Nd4 17. Nxd4 Rxf1+ 18. Rxf1 exd4 19. Qg4 Qxa2
20. Qe2 Qxb2 21. Qf2 Qa2 22. Qxd4 Qxc2 23. Rf4 Qb3 24. Rg4 Qf7 25. e5 dxe5
26. Qxe5 a5 27. d4 a4 28. d5 a3 29. Re4 a2 30. Re1 b5 31. d6 cxd6 32. Qd4
Qf6 33. Qd5+ Kh7 34. Qxa8 Qe6 35. Rxe6 { Black resigns } 1-0

[Event "ICC tourney 2359 (30 5)"]
[Site "Internet Chess Club"]
[Date "2021.01.31"]
[Round "4"]
[White "SAEpicDH"]
[Black "CLGray"]
[Result "1-0"]
[ICCResult "Black checkmated"]
[WhiteElo "1240"]
[BlackElo "989"]
[Opening "Queen's pawn: Keres defense"]
[ECO "A40"]
[NIC "QO.17"]
[Time "16:00:27"]
[PlyCount "65"]
[TimeControl "1800+5"]

1. d4 e6 2. c4 b6 3. Nc3 Bb7 4. e4 Bb4 5. Bd3 f5 6. exf5 Bxg2 7. Qh5+ g6 8.
fxg6 Bxc3+ 9. bxc3 Kf8 10. gxh7 Nf6 11. Qh6+ Ke7 12. Qg7+ Kd6 13. Bf4+ Kc6
14. Qxg2+ d5 15. cxd5+ exd5 16. Be5 Kb7 17. Bxf6 Qxf6 18. Qxd5+ Nc6 19. Be4
Rhe8 20. Ne2 Re6 21. Rg1 Rd8 22. Qf5 Qxf5 23. Bxf5 Re7 24. Rg8 Rde8 25. Bd3
Nd8 26. h8=Q Rxg8 27. Qxg8 Nc6 28. Qd5 Rg7 29. Be4 Ka6 30. Qxc6 Rg5 31.
Qb7+ Kb5 32. Bc6+ Ka5 33. Qxa7# { Black checkmated } 1-0

[Event "ICC tourney 2359 (30 5)"]
[Site "Internet Chess Club"]
[Date "2021.01.31"]
[Round "4"]
[White "Zaquero"]
[Black "googlethecat"]
[Result "0-1"]
[ICCResult "White checkmated"]
[WhiteElo "504"]
[BlackElo "1123"]
[Opening "Sicilian: closed"]
[ECO "B23"]
[NIC "SI.44"]
[Time "16:01:19"]
[PlyCount "66"]
[TimeControl "1800+5"]

1. e4 c5 2. Nc3 d6 3. Bb5+ Nd7 4. d3 e6 5. Nf3 Nf6 6. Bg5 Be7 7. O-O a6 8.
Bc4 b5 9. Bb3 Bb7 10. d4 c4 11. Bxc4 bxc4 12. Qe2 O-O 13. Qxc4 Nxe4 14.
Rfe1 Nxg5 15. Ne2 Bxf3 16. gxf3 Nxf3+ 17. Kf1 Nd2+ 18. Kg1 Nxc4 19. b3 Nd2
20. Red1 Nf3+ 21. Kh1 Bh4 22. Ng1 Nxg1 23. Rxg1 Qb6 24. Raf1 Qb7+ 25. Rg2
Rac8 26. Rg1 g6 27. f3 Qxf3 28. c4 d5 29. cxd5 Qxd5 30. Rf1 Rc2 31. Rg1
Rfc8 32. a4 Rxg2 33. Rxg2 Rc1# { White checkmated } 0-1

[Event "ICC tourney 2359 (30 5)"]
[Site "Internet Chess Club"]
[Date "2021.01.31"]
[Round "4"]
[White "infernowall"]
[Black "SAanjyu"]
[Result "0-1"]
[ICCResult "White resigns"]
[WhiteElo "1064"]
[BlackElo "1125"]
[Opening "Dutch"]
[ECO "A80"]
[NIC "HD.12"]
[Time "16:00:58"]
[PlyCount "84"]
[TimeControl "1800+5"]

1. d4 f5 2. Nf3 g6 3. e3 Nf6 4. Bd3 Bg7 5. O-O O-O 6. Bc4+ Kh8 7. Ng5 Qe8
8. Nf7+ Rxf7 9. Bxf7 Qxf7 10. Nd2 Nc6 11. c4 d6 12. a3 e5 13. d5 Ne7 14. b4
c6 15. dxc6 bxc6 16. Bb2 Be6 17. c5 dxc5 18. bxc5 Nd7 19. Rc1 Rb8 20. Qc2
Rg8 21. Nf3 f4 22. Ng5 Qf6 23. exf4 Bf5 24. Bxe5 Nxe5 25. fxe5 Qxg5 26. Qc4
Bxe5 27. f4 Bxf4 28. Rxf4 Nd5 29. Rf3 Bg4 30. Rg3 Ne3 31. Qd4+ Rg7 32. h3
Nf5 33. Qxg4 Qxc1+ 34. Kh2 Nxg3 35. Qxg3 Qxc5 36. Qb8+ Rg8 37. Qc7 Re8 38.
Qf7 Qd6+ 39. g3 Qd2+ 40. Kg1 Re1+ 41. Qf1 Rxf1+ 42. Kxf1 Kg7 { White
resigns } 0-1

[Event "ICC tourney 2359 (30 5)"]
[Site "Internet Chess Club"]
[Date "2021.01.31"]
[Round "4"]
[White "EliT"]
[Black "Lunastarz138"]
[Result "0-1"]
[ICCResult "White checkmated"]
[WhiteElo "378"]
[BlackElo "840"]
[Opening "Scandinavian: Pytel-Wade variation"]
[ECO "B01"]
[NIC "SD.02"]
[Time "16:00:58"]
[PlyCount "88"]
[TimeControl "1800+5"]

1. e4 d5 2. exd5 Qxd5 3. Nc3 Qd6 4. Nf3 e5 5. d3 c5 6. Be2 Nf6 7. Be3 Nbd7
8. O-O Qe6 9. Ng5 Qe7 10. d4 cxd4 11. Bd2 dxc3 12. bxc3 b6 13. Bc4 h6 14.
Bxf7+ Kd8 15. Ne6+ Qxe6 16. Bxe6 Bd6 17. Bb3 Ke7 18. Re1 Re8 19. Bf4 Kf8
20. Bg3 Bb7 21. Qd3 Bc7 22. Red1 Re7 23. Rd2 Rd8 24. Rad1 Bc6 25. c4 Ree8
26. Bh4 Nc5 27. Qf5 Rxd2 28. Rxd2 Ne4 29. Re2 Nc3 30. Re3 Rd8 31. h3 e4 32.
g3 Rd1+ 33. Kg2 Bd7 34. Qg6 Bxh3+ 35. Kxh3 Rh1+ 36. Kg2 Rd1 37. c5 Ncd5 38.
Rc3 bxc5 39. f3 Rd2+ 40. Kh3 exf3 41. Rd3 f2 42. Qf5 Nf4+ 43. gxf4 f1=Q+
44. Kg3 Qg2# { White checkmated } 0-1

[Event "ICC tourney 2359 (30 5)"]
[Site "Internet Chess Club"]
[Date "2021.01.31"]
[Round "4"]
[White "Winter320"]
[Black "slayer76"]
[Result "1-0"]
[ICCResult "Black checkmated"]
[WhiteElo "977"]
[BlackElo "800"]
[Opening "Pirc: Byrne variation"]
[ECO "B07"]
[NIC "PU.09"]
[Time "16:00:30"]
[PlyCount "103"]
[TimeControl "1800+5"]

1. e4 d6 2. d4 Nf6 3. Nc3 g6 4. Bg5 Bg7 5. Nf3 O-O 6. e5 dxe5 7. dxe5 Ng4
8. Bf4 Nd7 9. h3 Ngxe5 10. Nxe5 Nxe5 11. Ne4 Qxd1+ 12. Rxd1 Nc4 13. b3 Nb2
14. Rb1 Bf5 15. Bd3 e5 16. Rxb2 exf4 17. Rb1 Rfe8 18. f3 b6 19. Bb5 c6 20.
Bxc6 Rec8 21. Bxa8 Rxa8 22. O-O Bd4+ 23. Kh2 Rc8 24. Rbd1 Bg7 25. c4 a6 26.
Nd6 Rd8 27. Nxf5 Rxd1 28. Rxd1 gxf5 29. Rd6 h5 30. Rxb6 a5 31. c5 Bd4 32.
Ra6 Bxc5 33. Rxa5 Bf2 34. Rxf5 Bg3+ 35. Kg1 Kg7 36. Rxh5 Kg6 37. Rd5 f5 38.
b4 Kh5 39. b5 Bh4 40. b6 Be7 41. b7 Kh4 42. b8=Q Kg3 43. Qg8+ Kh4 44. Rxf5
Bc5+ 45. Kf1 Be7 46. Qh8+ Kg3 47. Kg1 Bc5+ 48. Kf1 Be7 49. Qg7+ Kh2 50. h4
Bxh4 51. Qg4 Bf2 52. Qh3# { Black checkmated } 1-0

[Event "ICC tourney 2359 (30 5)"]
[Site "Internet Chess Club"]
[Date "2021.01.31"]
[Round "4"]
[White "EthanKurian"]
[Black "Em555"]
[Result "1-0"]
[ICCResult "Black resigns"]
[WhiteElo "686"]
[BlackElo "937"]
[Opening "Queen's pawn game, Chigorin variation"]
[ECO "D02"]
[NIC "QP.08"]
[Time "16:00:26"]
[PlyCount "69"]
[TimeControl "1800+5"]

1. d4 d5 2. Nf3 Nc6 3. e3 Bf5 4. Bd3 Bg6 5. O-O Nf6 6. Nbd2 e6 7. Re1 Bd6
8. e4 dxe4 9. Nxe4 Bh5 10. Nxd6+ Qxd6 11. b3 Nxd4 12. Be2 Nxe2+ 13. Rxe2
Qxd1+ 14. Re1 Qxc2 15. Nd4 O-O-O 16. Nxc2 Rd6 17. Ba3 Rd2 18. Ne3 Rhd8 19.
Bb4 Rb2 20. Nc4 Rc2 21. h3 Be2 22. Ne3 Rb2 23. Bc3 Ne4 24. Bxb2 Rd2 25.
Bxg7 Bh5 26. Nc4 Rxf2 27. Rxe4 Rc2 28. Bf6 Bg6 29. Rd4 b6 30. Rd8+ Kb7 31.
Ne5 Be4 32. Nxf7 Rxg2+ 33. Kf1 Rh2 34. Ng5 Bg2+ 35. Kg1 { Black resigns }
1-0

[Event "ICC tourney 2359 (30 5)"]
[Site "Internet Chess Club"]
[Date "2021.01.31"]
[Round "4"]
[White "CharlesWilliam"]
[Black "chessgabby"]
[Result "1-0"]
[ICCResult "Black checkmated"]
[WhiteElo "857"]
[BlackElo "1092"]
[Opening "Sicilian defense"]
[ECO "B20"]
[NIC "SI.48"]
[Time "16:00:28"]
[PlyCount "103"]
[TimeControl "1800+5"]

1. e4 c5 2. d3 d6 3. Nf3 Nf6 4. Nc3 e6 5. Be2 Be7 6. O-O O-O 7. Re1 Nc6 8.
Bg5 b6 9. Qd2 Re8 10. Rad1 Bb7 11. Nb5 a6 12. Nc3 b5 13. Bf4 e5 14. Bg5 d5
15. exd5 Nxd5 16. Bxe7 Ncxe7 17. Nxe5 Nxc3 18. bxc3 Qd5 19. Bf3 Qxa2 20.
Bxb7 Rab8 21. Ra1 Qe6 22. Nf3 Qb6 23. Be4 Rbd8 24. Ne5 Qe6 25. Qf4 b4 26.
Qh4 Qxe5 27. Qxh7+ Kf8 28. Bc6 Qc7 29. Bxe8 Kxe8 30. Qh8+ Kd7 31. Qh3+ Ke8
32. Re2 Rd5 33. Rae1 f5 34. Qh8+ Kf7 35. Rxe7+ Qxe7 36. Rxe7+ Kxe7 37.
Qxg7+ Kd6 38. Qf6+ Kc7 39. Qe6 Rd8 40. h4 bxc3 41. h5 c4 42. Qxc4+ Kb6 43.
h6 Rh8 44. Qd4+ Kc6 45. Qxh8 Kd5 46. Qd8+ Ke5 47. h7 a5 48. h8=Q+ Ke6 49.
Qh6+ Kf7 50. Qd7+ Kg8 51. Qf6 f4 52. Qfd8# { Black checkmated } 1-0

[Event "ICC tourney 2359 (30 5)"]
[Site "Internet Chess Club"]
[Date "2021.01.31"]
[Round "4"]
[White "Killercow123"]
[Black "tisernhagen1"]
[Result "0-1"]
[ICCResult "White checkmated"]
[WhiteElo "367"]
[BlackElo "1193"]
[Opening "Queen's pawn game"]
[ECO "D02"]
[NIC "QP.08"]
[Time "16:00:35"]
[PlyCount "56"]
[TimeControl "1800+5"]

1. d4 d5 2. Nf3 Bf5 3. e3 e6 4. Bd3 Nf6 5. Nbd2 Nbd7 6. O-O Bxd3 7. cxd3 c5
8. dxc5 Bxc5 9. d4 Bd6 10. b3 O-O 11. Bb2 Qc7 12. Re1 e5 13. e4 exd4 14.
Nxd4 Bxh2+ 15. Kf1 Bd6 16. Nb5 Qb6 17. Nxd6 Qxd6 18. e5 Qa6+ 19. Re2 Ng4
20. Ke1 Rae8 21. Nf3 Qe6 22. Nd2 Ngxe5 23. f4 Nd3+ 24. Kf1 Qf5 25. Qc2
Qxf4+ 26. Kg1 Rxe2 27. Qxd3 Qf2+ 28. Kh1 Qxg2# { White checkmated } 0-1

[Event "ICC tourney 2359 (30 5)"]
[Site "Internet Chess Club"]
[Date "2021.01.31"]
[Round "4"]
[White "alexplaysyt2"]
[Black "Andrew588"]
[Result "1-0"]
[ICCResult "Black checkmated"]
[WhiteElo "1283"]
[BlackElo "1003"]
[Opening "Sicilian defense"]
[ECO "B20"]
[NIC "SI.48"]
[Time "16:01:19"]
[PlyCount "61"]
[TimeControl "1800+5"]

1. e4 c5 2. b3 e6 3. Bb2 Qc7 4. Nc3 Nf6 5. Bd3 Be7 6. Qe2 O-O 7. O-O-O d5
8. exd5 exd5 9. Nf3 Bg4 10. h3 Bh5 11. g4 Bg6 12. Bxg6 hxg6 13. Rhe1 Nc6
14. Nb1 Rfe8 15. Bxf6 gxf6 16. Qf1 Qa5 17. a4 Bd6 18. Rxe8+ Rxe8 19. Nc3
Bf4 20. Nxd5 Be5 21. Nxe5 fxe5 22. Nf6+ Kf8 23. Nxe8 Kxe8 24. Qb5 Qc7 25.
Re1 a6 26. Qc4 Nd4 27. f4 b5 28. axb5 axb5 29. Qd5 Qa7 30. Qxe5+ Kf8 31.
Qh8# { Black checkmated } 1-0

[Event "ICC tourney 2359 (30 5)"]
[Site "Internet Chess Club"]
[Date "2021.01.31"]
[Round "4"]
[White "Goofymammoth"]
[Black "SABXMSROB1"]
[Result "1-0"]
[ICCResult "Black resigns"]
[WhiteElo "1254"]
[BlackElo "1132"]
[Opening "Sicilian defense"]
[ECO "B20"]
[NIC "SI.48"]
[Time "16:00:31"]
[PlyCount "101"]
[TimeControl "1800+5"]

1. e4 c5 2. b3 Nc6 3. Bb2 e5 4. Bb5 d6 5. Ne2 Qh4 6. Nbc3 Nf6 7. g3 Qh3 8.
Nd5 Nxd5 9. exd5 Qg2 10. Rg1 Qxd5 11. Nc3 Qe6 12. Qf3 Bd7 13. Bc4 Qf5 14.
Qd5 Be6 15. Bd3 Qf6 16. Qe4 Be7 17. Bb5 Bd7 18. Nd5 Qh6 19. Nc7+ Kf8 20.
Nxa8 Bg5 21. Bc3 f5 22. Qd5 Be6 23. Qxd6+ Be7 24. Qd3 Qxh2 25. Qf1 Bd5 26.
Nc7 Bg2 27. Qxg2 Qh6 28. Nd5 Nd4 29. Bxd4 cxd4 30. Nxe7 Qb6 31. Qd5 Kxe7
32. Qxe5+ Kf7 33. Qxf5+ Ke7 34. Qg5+ Kd6 35. Qxg7 Re8+ 36. Kd1 Qxb5 37.
Qf6+ Re6 38. Qxd4+ Ke7 39. Re1 Qh5+ 40. g4 Rxe1+ 41. Kxe1 Qh1+ 42. Ke2 Qc6
43. Qe3+ Kd8 44. Qd4+ Ke7 45. Qe5+ Kf7 46. Qf5+ Kg7 47. f3 Qa6+ 48. d3 Qd6
49. Rh1 Qe7+ 50. Qe4 Kg8 51. Qxe7 { Black resigns } 1-0

[Event "ICC tourney 2359 (30 5)"]
[Site "Internet Chess Club"]
[Date "2021.01.31"]
[Round "4"]
[White "TolgaE"]
[Black "RoPro1000"]
[Result "1-0"]
[ICCResult "Black checkmated"]
[WhiteElo "1005"]
[BlackElo "847"]
[Opening "Three knights game"]
[ECO "C46"]
[NIC "KP.06"]
[Time "16:00:58"]
[PlyCount "67"]
[TimeControl "1800+5"]

1. e4 e5 2. Nf3 Nc6 3. Nc3 Bc5 4. Nxe5 Nge7 5. Nf3 d6 6. d4 Bb6 7. Bb5 Bg4
8. d5 O-O 9. dxc6 bxc6 10. Ba4 Re8 11. O-O Ng6 12. Bxc6 Qf6 13. Bxa8 Rxa8
14. Bg5 Qe6 15. h3 Bxf3 16. Qxf3 Nh4 17. Bxh4 Re8 18. Rfe1 c5 19. Nd5 Ba5
20. Re2 Bd8 21. Bxd8 Rxd8 22. Rae1 h6 23. Nf4 a5 24. Qg3 Qxa2 25. Nh5 Qxb2
26. c3 Qxc3 27. Qxc3 f6 28. Nxf6+ gxf6 29. Qxf6 Rf8 30. Qg6+ Kh8 31. Qxh6+
Kg8 32. Qg6+ Kh8 33. Re3 Rg8 34. Qh6# { Black checkmated } 1-0

[Event "ICC tourney 2359 (30 5)"]
[Site "Internet Chess Club"]
[Date "2021.01.31"]
[Round "4"]
[White "sloanman"]
[Black "WDSTJ1"]
[Result "1-0"]
[ICCResult "Black resigns"]
[WhiteElo "935"]
[BlackElo "823"]
[Opening "QGA, Smyslov variation"]
[ECO "D04"]
[NIC "QP.08"]
[Time "16:00:53"]
[PlyCount "57"]
[TimeControl "1800+5"]

1. d4 d5 2. Nf3 Nf6 3. e3 g6 4. c4 dxc4 5. Bxc4 Bf5 6. Nc3 Bg7 7. Ng5 e6 8.
e4 Bg4 9. f3 Bh5 10. g4 Bxg4 11. fxg4 Qd7 12. e5 Ng8 13. Rf1 Nh6 14. Be3
Nc6 15. d5 Nxe5 16. Bb5 c6 17. dxc6 bxc6 18. Qxd7+ Nxd7 19. Bxc6 Rc8 20.
Bxd7+ Kxd7 21. Rd1+ Ke7 22. Rc1 Rcd8 23. Bc5+ Ke8 24. h3 f6 25. Nxe6 Rd7
26. Nxg7+ Rxg7 27. Nd5 f5 28. Bd4 Rd7 29. Nf6+ { Black resigns } 1-0

[Event "ICC tourney 2359 (30 5)"]
[Site "Internet Chess Club"]
[Date "2021.01.31"]
[Round "4"]
[White "SabxmsMB1"]
[Black "super-sabrina"]
[Result "1-0"]
[ICCResult "Black checkmated"]
[WhiteElo "1094"]
[BlackElo "1272"]
[Opening "Sicilian"]
[ECO "B50"]
[NIC "SI.01"]
[Time "16:00:53"]
[PlyCount "121"]
[TimeControl "1800+5"]

1. e4 c5 2. Nf3 d6 3. Bc4 Nf6 4. Nc3 e6 5. Bb5+ Bd7 6. Bxd7+ Qxd7 7. O-O
Be7 8. d3 O-O 9. Be3 Nc6 10. d4 cxd4 11. Bxd4 a6 12. Bxf6 Bxf6 13. Qe2 b5
14. Rad1 Qc7 15. b3 Bxc3 16. Qd3 Bb4 17. c3 Bc5 18. b4 Ba7 19. Qxd6 Qxd6
20. Rxd6 Rfc8 21. Rd7 a5 22. bxa5 Nxa5 23. Rfd1 Bb6 24. R1d6 Nc4 25. Rd1
Rd8 26. Rxd8+ Rxd8 27. Rxd8+ Bxd8 28. Kf1 Ba5 29. Ke2 Bxc3 30. Kd3 Ba5 31.
Kd4 Kf8 32. Kc5 Na3 33. Kc6 Be1 34. Nxe1 Ke7 35. Nd3 Kf6 36. f3 g5 37. g4
Kg6 38. Ne5+ Kf6 39. Nd7+ Kg6 40. Kd6 Nc4+ 41. Kc5 Nd2 42. Kxb5 Nxf3 43. a4
Nd4+ 44. Kb6 f5 45. exf5+ exf5 46. gxf5+ Kxf5 47. a5 Ne6 48. a6 Kg4 49. a7
Kh3 50. a8=Q g4 51. Ne5 h5 52. Qa3+ Kxh2 53. Qa2+ Kh3 54. Qxe6 Kh2 55.
Nxg4+ hxg4 56. Qxg4 Kh1 57. Kc5 Kh2 58. Kd4 Kh1 59. Ke3 Kh2 60. Kf2 Kh1 61.
Qg2# { Black checkmated } 1-0

[Event "ICC tourney 2359 (30 5)"]
[Site "Internet Chess Club"]
[Date "2021.01.31"]
[Round "4"]
[White "wteitelbaum"]
[Black "arionik10"]
[Result "1-0"]
[ICCResult "Black checkmated"]
[WhiteElo "998"]
[BlackElo "842"]
[Opening "Sicilian defense"]
[ECO "B40"]
[NIC "SI.43"]
[Time "16:00:34"]
[PlyCount "87"]
[TimeControl "1800+5"]

1. e4 c5 2. Nf3 e6 3. c3 a6 4. d4 b5 5. Be3 Bb7 6. Nbd2 Qc7 7. Be2 Nf6 8.
e5 Ne4 9. Nxe4 Bxe4 10. O-O d6 11. exd6 Bxd6 12. g3 O-O 13. Bd3 Bb7 14. Rc1
Qc6 15. Be2 Nd7 16. b3 Nf6 17. dxc5 Be7 18. Rc2 Rad8 19. Rd2 Rxd2 20. Qxd2
Ng4 21. Qd4 Nxe3 22. Qxe3 Bxc5 23. Qf4 h6 24. c4 g5 25. Qg4 f5 26. Qh5 Rf6
27. cxb5 axb5 28. Rd1 Be7 29. h3 Qe4 30. Kf1 Qc2 31. Qe8+ Bf8 32. Qxb5 Bxf3
33. Bxf3 Qxa2 34. Rd8 Qa1+ 35. Kg2 f4 36. g4 Kg7 37. Qd7+ Kg6 38. Be4+ Rf5
39. Bxf5+ exf5 40. Qxf5+ Kg7 41. Qxf8+ Kg6 42. Qf5+ Kg7 43. Rd7+ Kh8 44.
Qf8# { Black checkmated } 1-0

[Event "ICC tourney 2359 (30 5)"]
[Site "Internet Chess Club"]
[Date "2021.01.31"]
[Round "4"]
[White "DDRIZZY"]
[Black "ebkatz"]
[Result "0-1"]
[ICCResult "White checkmated"]
[WhiteElo "1152"]
[BlackElo "1244"]
[Opening "French: exchange, Svenonius variation"]
[ECO "C01"]
[NIC "FR.01"]
[Time "16:00:43"]
[PlyCount "52"]
[TimeControl "1800+5"]

1. e4 e6 2. d4 d5 3. exd5 exd5 4. Nc3 Nf6 5. Bg5 Be7 6. Nf3 Bg4 7. Be2 O-O
8. O-O Re8 9. Re1 h6 10. Bxf6 Bxf6 11. h3 Bh5 12. Qd3 Nc6 13. Qb5 Bxf3 14.
Bxf3 Nxd4 15. Qd3 Nxf3+ 16. Qxf3 Rxe1+ 17. Rxe1 c6 18. b3 Qa5 19. Re3 d4
20. Re2 dxc3 21. Qd3 Qxa2 22. Qd7 Qb1+ 23. Kh2 Qf1 24. Re3 Qxf2 25. Re4
Be5+ 26. Kh1 Qf1# { White checkmated } 0-1

[Event "ICC tourney 2359 (30 5)"]
[Site "Internet Chess Club"]
[Date "2021.01.31"]
[Round "4"]
[White "ChampKidP"]
[Black "Peanutbutter222"]
[Result "1-0"]
[ICCResult "Black checkmated"]
[WhiteElo "1109"]
[BlackElo "1204"]
[Opening "Sicilian: closed"]
[ECO "B23"]
[NIC "SI.44"]
[Time "16:13:47"]
[PlyCount "43"]
[TimeControl "1800+5"]

1. e4 c5 2. Nc3 d6 3. g3 e6 4. Bg2 Nf6 5. Nge2 Be7 6. d3 O-O 7. h3 Nc6 8.
Be3 d5 9. d4 dxe4 10. Nxe4 cxd4 11. Nxd4 Nxd4 12. Bxd4 Nxe4 13. Bxe4 Qa5+
14. Bc3 Qa4 15. Qg4 g6 16. O-O f5 17. Bxf5 exf5 18. Qxa4 Be6 19. Rfe1 Bf7
20. Rxe7 Rae8 21. Qd4 Bxa2 22. Qg7# { Black checkmated } 1-0

[Event "ICC tourney 2359 (30 5)"]
[Site "Internet Chess Club"]
[Date "2021.01.31"]
[Round "4"]
[White "devmadhavan"]
[Black "LuckyDuck3"]
[Result "0-1"]
[ICCResult "White checkmated"]
[WhiteElo "1197"]
[BlackElo "554"]
[Opening "French: Schlechter variation"]
[ECO "C01"]
[NIC "FR.01"]
[Time "16:00:37"]
[PlyCount "114"]
[TimeControl "1800+5"]

1. e4 e6 2. d4 d5 3. Bd3 c5 4. Nf3 Nc6 5. Be3 Qb6 6. Be2 Qxb2 7. Nbd2 cxd4
8. Rb1 Qc3 9. Rb3 Qc5 10. Rb5 Qa3 11. Nxd4 Nxd4 12. Bxd4 Qxa2 13. Nb3 Nf6
14. Bc3 Nxe4 15. Ra5 Nxc3 16. Rxa2 Nxd1 17. Bxd1 Bb4+ 18. Nd2 Bxd2+ 19.
Kxd2 O-O 20. Bf3 b6 21. c4 Bb7 22. cxd5 Bxd5 23. Bxd5 exd5 24. Rd1 Rfd8 25.
Kc3 Rac8+ 26. Kb3 a5 27. Rad2 Rc5 28. Ka4 Rc4+ 29. Kb5 Rb4+ 30. Ka6 d4 31.
Kb7 Kf8 32. Kc6 Ke7 33. f4 Rd6+ 34. Kc7 Rc4+ 35. Kb7 b5 36. Re1+ Kd7 37.
Rde2 Rc7+ 38. Kb8 Rb6+ 39. Ka8 Ra6+ 40. Kb8 Rc8+ 41. Kb7 Raa8 42. Re7+ Kd6
43. Rxf7 Rab8+ 44. Ka6 Ra8+ 45. Kxb5 Rc5+ 46. Kb6 a4 47. Ree7 Rd8 48. Rxg7
a3 49. Ra7 Rb8+ 50. Ka6 a2 51. Rgd7+ Ke6 52. Re7+ Kd5 53. Red7+ Kc4 54.
Rdb7 a1=Q+ 55. Kb6 Rxb7+ 56. Kxb7 Qb2+ 57. Ka8 Rc8# { White checkmated }
0-1

[Event "ICC tourney 2359 (30 5)"]
[Site "Internet Chess Club"]
[Date "2021.01.31"]
[Round "4"]
[White "adokianos"]
[Black "ZionSimmons"]
[Result "1-0"]
[ICCResult "Black checkmated"]
[WhiteElo "1216"]
[BlackElo "952"]
[Opening "Queen's pawn: London system"]
[ECO "A45"]
[NIC "QP.07"]
[Time "16:00:28"]
[PlyCount "121"]
[TimeControl "1800+5"]

1. d4 Nf6 2. Bf4 g6 3. Nc3 Bg7 4. e4 d6 5. Nf3 O-O 6. Qd2 Bg4 7. Be2 Bxf3
8. Bxf3 Re8 9. Bh6 Nbd7 10. Bxg7 Kxg7 11. h4 h5 12. Qe2 e5 13. d5 Qe7 14.
g4 hxg4 15. Bxg4 Nxg4 16. Qxg4 Rh8 17. O-O-O Rh6 18. h5 Rah8 19. Ne2 Rxh5
20. Rxh5 Rxh5 21. Kb1 Nf6 22. Qg2 Rh4 23. Ng3 Ng4 24. Rg1 Qg5 25. a3 Rh2
26. Nf5+ gxf5 27. Qxh2 fxe4 28. Qh3 Kf6 29. Rxg4 Qf5 30. Qh6+ Ke7 31. Qg5+
Qxg5 32. Rxg5 Kf6 33. Rg8 c6 34. dxc6 bxc6 35. Ra8 Ke6 36. Rxa7 c5 37. Rb7
d5 38. a4 f5 39. a5 Kd6 40. a6 Kc6 41. Rb3 c4 42. Rb4 Kc5 43. Rb8 d4 44. a7
e3 45. fxe3 dxe3 46. a8=Q f4 47. Rc8+ Kd4 48. Qa7+ Ke4 49. Rxc4+ Kf3 50.
Qh7 e2 51. Qe4+ Kf2 52. Qxe5 f3 53. Re4 Kg1 54. Qg3+ Kf1 55. Qxf3+ Kg1 56.
Qxe2 Kh1 57. Rh4+ Kg1 58. Qh2+ Kf1 59. Rf4+ Ke1 60. Qf2+ Kd1 61. Rd4# {
Black checkmated } 1-0

[Event "ICC tourney 2359 (30 5)"]
[Site "Internet Chess Club"]
[Date "2021.01.31"]
[Round "4"]
[White "Kingston13"]
[Black "divijdogra"]
[Result "0-1"]
[ICCResult "White checkmated"]
[WhiteElo "1014"]
[BlackElo "1136"]
[Opening "French: Rubinstein variation"]
[ECO "C10"]
[NIC "FR.07"]
[Time "16:00:26"]
[PlyCount "106"]
[TimeControl "1800+5"]

1. e4 e6 2. d4 d5 3. Nc3 dxe4 4. Nxe4 Nf6 5. Nc3 Bb4 6. Bd3 Nc6 7. Nf3 Nd5
8. O-O Nxc3 9. bxc3 Bxc3 10. Rb1 Bxd4 11. Bb5 Bf6 12. Qe1 Bd7 13. Bf4 O-O
14. Rd1 Qe7 15. Bxc7 Rfe8 16. Bd6 Qd8 17. Qe4 Qb6 18. Bd3 g6 19. Qf4 Bg7
20. Ng5 f6 21. Ne4 f5 22. Bc5 Qd8 23. Nd6 Be5 24. Qh6 Bxd6 25. Bxd6 Qf6 26.
Ba3 Ne5 27. Be2 Bc6 28. Bb2 Nf7 29. Qxh7+ Kxh7 30. Bxf6 e5 31. Bc4 Nh6 32.
Rd3 Ng4 33. Bg5 Kg7 34. h3 Nf6 35. Rd6 Ne4 36. Rd3 Nxg5 37. h4 Ne4 38. h5
Nc5 39. Rg3 Kh6 40. Rxg6+ Kxh5 41. Bf7 Rf8 42. g4+ fxg4 43. Rf6+ Kg5 44.
Rg6+ Kf5 45. Rg7 Kf6 46. Rh7 Rxf7 47. Rh6+ Kg5 48. Rh2 Rff8 49. Re1 Kf5 50.
Rh5+ Kf4 51. Rexe5 Rae8 52. Rxc5 Re1+ 53. Kh2 Rh1# { White checkmated } 0-1

[Event "ICC tourney 2359 (30 5)"]
[Site "Internet Chess Club"]
[Date "2021.01.31"]
[Round "4"]
[White "SALucas"]
[Black "summermonkey291"]
[Result "1-0"]
[ICCResult "Black checkmated"]
[WhiteElo "1286"]
[BlackElo "1099"]
[Opening "Queen's pawn game, Chigorin variation"]
[ECO "D02"]
[NIC "QP.08"]
[Time "16:00:41"]
[PlyCount "97"]
[TimeControl "1800+5"]

1. d4 d5 2. Nf3 Nc6 3. Bf4 Bf5 4. c3 Nf6 5. Nbd2 e6 6. e3 Bd6 7. Bxd6 Qxd6
8. Be2 O-O 9. Nh4 Ne7 10. h3 Be4 11. Nxe4 Nxe4 12. Nf3 Nf5 13. Bd3 Nxf2 14.
Kxf2 Qg3+ 15. Kg1 Nxe3 16. Qe2 Qf4 17. Re1 Nf5 18. Bxf5 Qxf5 19. Qe5 Qc2
20. Qe2 Qa4 21. b3 Qa5 22. Qc2 Rfe8 23. b4 Qb6 24. Ng5 g6 25. Nf3 f6 26.
Nh4 g5 27. Nf3 e5 28. Qb3 exd4 29. Qxd5+ Kg7 30. Qd7+ Kf8 31. Rxe8+ Rxe8
32. Qxd4 Qa6 33. Kh2 Kf7 34. Qd7+ Kf8 35. Qxc7 Qxa2 36. Qxh7 Re2 37. Qh8+
Kf7 38. Qh7+ Kf8 39. Rg1 Qd5 40. Qh8+ Kf7 41. Qh5+ Kg7 42. Nd4 Qe5+ 43. Kh1
Re3 44. Rf1 Qg3 45. Nf5+ Kg8 46. Nxg3 Rxg3 47. Rxf6 Rxc3 48. Qg6+ Kh8 49.
Rf8# { Black checkmated } 1-0

[Event "ICC tourney 2359 (30 5)"]
[Site "Internet Chess Club"]
[Date "2021.01.31"]
[Round "4"]
[White "BJSARO"]
[Black "Evanthegreatest"]
[Result "1-0"]
[ICCResult "Black checkmated"]
[WhiteElo "1298"]
[BlackElo "1229"]
[Opening "French: advance, Paulsen attack"]
[ECO "C02"]
[NIC "FR.03"]
[Time "16:00:26"]
[PlyCount "111"]
[TimeControl "1800+5"]

1. e4 e6 2. d4 d5 3. e5 c5 4. c3 Nc6 5. Nf3 Qb6 6. a3 cxd4 7. cxd4 Nge7 8.
Nc3 Nf5 9. Na4 Qc7 10. Be2 f6 11. O-O fxe5 12. dxe5 Nxe5 13. Nxe5 Qxe5 14.
Re1 Qd6 15. Bd3 Ne7 16. b4 Bd7 17. Nc5 b6 18. Nxd7 Qxd7 19. Qe2 Kf7 20. Bb5
Nc6 21. Bb2 a6 22. Bxa6 Nd8 23. Bb5 Qe7 24. Rad1 Kg8 25. Qe5 Qf7 26. Rd3 h5
27. Rf3 Qe7 28. Rg3 h4 29. Rg6 h3 30. Re3 Ra7 31. Reg3 hxg2 32. Rxg2 Rh4
33. Bd3 d4 34. R6g4 Rd7 35. Qe4 Rh6 36. Rg6 Rh5 37. Bxd4 Qd6 38. Be2 Rd5
39. Rh6 Rf5 40. Rh4 Nc6 41. Bb2 Qd1+ 42. Bf1 Rd6 43. Rhg4 Rf7 44. Rh4 Rf5
45. Qe3 Qd2 46. Qh3 Kf7 47. Bc3 Qc2 48. Qe3 Rd1 49. Rc4 Ne7 50. Rc7 Rd6 51.
Qg3 Rd8 52. Qg6+ Kg8 53. Qxe6+ Kh8 54. Qh6+ Kg8 55. Rxg7+ Bxg7 56. Qxg7# {
Black checkmated } 1-0